 Dungeon Crawl Stone Soup version 0.28-a0-464-g0687ed57fd (webtiles) character file.

Game seed: 14582863739114584191

21 gasolineJoe the Chopper (level 2, -4/27 HPs)
             Began as a Hill Orc Monk on Sept 14, 2021.
             Slain by a worm (11 damage)
             ... on level 1 of the Dungeon.
             The game lasted 00:01:29 (846 turns).

gasolineJoe the Chopper (Hill Orc Monk)              Turns: 846, Time: 00:01:30

Health: -4/27      AC:  2    Str: 13    XL:     2   Next: 83%
Magic:  2/2        EV: 11    Int: 10    God:
Gold:   35         SH:  3    Dex: 13    Spells: 1/1 levels left

rFire   . . .      SeeInvis .   a - +0 hand axe
rCold   . . .      Faith    .   d - +0 buckler
rNeg    . . .      Spirit   .   b - +0 robe
rPois   .          Reflect  .   (no helmet)
rElec   .          Harm     .   (no cloak)
rCorr   .          Rampage  .   (no gloves)
Will    .....                   (no boots)
Stlth   ++........              (no amulet)
HPRegen 0.09/turn               (no ring)
MPRegen 0.08/turn               (no ring)

@: no status effects
A: no striking features
a: no special abilities


You were on level 1 of the Dungeon.
You visited 1 branch of the dungeon, and saw 2 of its levels.

You collected 35 gold pieces.

Inventory:

Hand Weapons
 a - a +0 hand axe (weapon)
Armour
 b - a +0 robe (worn)
 d - a +0 buckler (worn)
Scrolls
 c - a scroll of magic mapping {unknown}
 f - a scroll of noise {unknown}
Potions
 e - a potion of curing {unknown}


   Skills:
 + Level 4.0 Fighting
 + Level 4.6 Axes
 + Level 2.6 Dodging
 + Level 1.7 Stealth


You had one spell level left.
You didn't know any spells.
Your spell library was empty.

Dungeon Overview and Level Annotations

Branches:
Dungeon (2/15)

Altars:


Message History

Done exploring.
(D) Dungeon
Where to? (? - help)
There is a stone staircase leading down here.
You climb downwards.
Found a pair of gloves and a rapier.
There is a stone staircase leading up here.
A worm is nearby!
You climb upwards.
There is a stone staircase leading down here.
You hit the worm but do no damage. The worm bites you.
You hit the worm but do no damage. The worm bites you!
You barely miss the worm. You hit the worm.
The worm is moderately wounded.
The worm barely misses you.
You hit the worm.
The worm is moderately wounded.
The worm bites you.
You barely miss the worm.
The worm is moderately wounded.
The worm closely misses you.
You hit the worm but do no damage.
The worm is lightly wounded.
You hit the worm.
The worm is moderately wounded.
The worm closely misses you.
You barely miss the worm.
The worm is lightly wounded.
The worm barely misses you.
You hit the worm.
The worm is moderately wounded.
You barely miss the worm.
The worm is moderately wounded.
The worm bites you!
* * * LOW HITPOINT WARNING * * *
You hit the worm but do no damage.
The worm is moderately wounded.
The worm bites you!
You die...

#.# #.#
######.#
#.#
#......#
#.#
#.####.#
#.# ##.#
#.# #.#
##.# #.#
#.# ##.#
#.# #.#
##.####.#
#.#
........#
#@#
##.######
#w# ...#
#.#
#######
#.#
......#
#.#
#####.#
#.# #.#
#.#
###.###
#.#
#.....#
#.#


You could see a worm.

Vanquished Creatures
  A dart slug (D:1)
  2 bats (D:1)
  2 endoplasms (D:1)
  2 giant cockroaches (D:1)
  A goblin (D:1)
  2 hobgoblins (D:1)
  2 quokkas (D:1)
  A ball python (D:1)
  A frilled lizard (D:1)
  2 rats (D:1)
16 creatures vanquished.

Notes
Turn   | Place    | Note
-------+----------+-------------------------------------------
     0 | D:1      | gasolineJoe the Hill Orc Monk began the quest for the Orb.
     0 | D:1      | Reached XP level 1. HP: 19/19 MP: 1/1
   248 | D:1      | Reached XP level 2. HP: 22/27 MP: 2/2
   846 | D:1      | Slain by a worm

Illustrated notes

Levels and vault maps discovered:
D:1:      dpeg_arrival_ternary, layout_loops_ring
D:2:      layout_basic, basic_altar

Skill      XL: |  1  2 |
---------------+-------+-----
Fighting       | 4 |  4.0
Axes           | |  4.6
Dodging        | |  2.6
Stealth        | |  1.7

Action                   || total
-------------------------++-------
Melee: Hand axe          ||    46
 Stab: Sleeping          ||     4
Armor: Robe              ||     5
Dodge: Dodged            ||    18
Block: Buckler           ||     2

Table legend: (Time is in decaauts)
 A = Elapsed time spent in this place.
 B = Non-inter-level travel time spent in this place.
 C = Inter-level travel time spent in this place.
 D = Time resting spent in this place.
 E = Time spent auto-exploring this place.
 F = Levels seen in this place.
 G = Mean time per level.
                   A        B        C        D        E       F      G
               +--------+--------+--------+--------+--------+-----+--------+
         Total |    851 |    803 |     48 |      0 |    676 |   2 |  425.5 |
       Dungeon |    851 |    803 |     48 |      0 |    676 |   2 |  425.5 |
               +--------+--------+--------+--------+--------+-----+--------+

Top non-repeatable levels by time:
     D:1: 848 daAuts
     D:2: 3 daAuts
